Map: Simulacrum LE

Players

Reynor

  • Race: Zerg Zerg
  • Spawn Location: 5:00

INnoVation - Winner!

  • Race: Terran Terran
  • Spawn Location: 11:00

Event: StayAtHomestory Cup #1

VOD

Have the link to the VOD?

Description

Time

  • Played on: April 11, 2020, 7:13 a.m.
  • Length: 19:48

All games in this series

Show
View Real Time Build Order
Export as new Build Order

Reynor Zerg 

Build Orders: Pool First, Muta Ling Bane 

Get SALT Encoding   

  12  0:00  Drone  
  13  0:12  Overlord  
  13  0:17  Drone  
  14  0:30  Drone  
  14  0:31  Drone  
  16  0:41  Spawning Pool  
  15  0:44  Drone  
  15  0:48  Drone  
  17  1:09  Hatchery  
  16  1:12  Drone  
  17  1:27  Zergling x4  
  17  1:28  Zergling x2  
  17  1:30  Queen  
  22  1:33  Extractor  
  22  1:39  Overlord  
  21  1:49  Drone  
  22  2:00  Drone  
  23  2:05  Queen  
  25  2:12  Drone  
  26  2:21  Drone x2  
  28  2:31  Drone  
  28  2:32  Drone  
  30  2:40  Drone x2  
  30  2:42  Hatchery  
  31  2:47  Metabolic Boost  
  31  2:52  Queen  
  31  2:57  Overlord  
  33  3:00  Drone  
  33  3:03  Drone  
  35  3:06  Drone  
  36  3:15  Drone x2  
  36  3:16  Drone x3  
  41  3:20  Overlord  
  41  3:23  Drone  
  42  3:31  Drone x2  
  44  3:37  Queen  
  44  3:39  Drone  
  44  3:40  Drone  
  48  3:45  Overlord  
  48  3:46  Drone  
  49  3:50  Drone x2  
  49  3:52  Drone  
  49  3:54  Zergling x4  
  54  3:57  Queen  
  54  4:01  Zergling x2  
  57  4:03  Overlord  
  57  4:05  Drone x2  
  57  4:06  Drone  
  60  4:13  Overlord  
  60  4:21  Evolution Chamber  
  60  4:22  Overlord, Extractor  
  58  4:24  Drone x3  
  58  4:26  Evolution Chamber, Queen  
  58  4:30  Zergling x4  
  64  4:31  Drone  
  64  4:37  Drone  
  66  4:40  Drone  
  66  4:42  Drone  
  66  4:43  Spore Crawler  
  67  4:48  Overlord, Spore Crawler  
  67  4:49  Drone x3  
  67  4:52  Drone x2  
  71  4:56  Zerg Ground Armor Level 1  
  71  4:57  Zerg Melee Weapons Level 1  
  71  4:58  Drone  
  71  4:59  Drone  
  73  5:02  Queen  
  73  5:06  Zergling x4  
  75  5:10  Zergling x4  
  75  5:12  Zergling x4  
  77  5:19  Zergling x6  
  72  5:22  Zergling x2  
  72  5:28  Zergling x4  
  71  5:33  Hatchery  
  70  5:36  Zergling x4  
  70  5:41  Zergling x2  
  70  5:46  Lair  
  70  5:47  Queen  
  70  5:48  Drone  
  72  5:50  Drone  
  72  5:57  Drone  
  72  5:59  Extractor  
  72  6:00  Drone, Baneling Nest  
  72  6:08  Extractor  
  72  6:09  Drone  
  72  6:10  Drone  
  73  6:18  Drone x3  
  73  6:21  Drone  
  73  6:22  Drone  
  73  6:24  Hatchery  
  77  6:30  Drone  
  78  6:33  Zergling x2  
  79  6:41  Zergling x2  
  79  6:44  Drone  
  79  6:45  Drone  
  79  6:46  Centrifical Hooks  
  82  6:48  Spire  
  82  6:49  Drone x3  
  82  6:50  Baneling x2  
  82  6:51  Zergling x2, Baneling x2  
  84  6:56  Drone  
  84  6:57  Spore Crawler, Drone x2  
  84  7:00  Drone x2  
  82  7:02  Queen  
  82  7:06  Drone  
  83  7:10  Drone  
  83  7:11  Drone  
  85  7:17  Drone x2  
  85  7:18  Drone x2  
  89  7:27  Zerg Ground Armor Level 2, Extractor  
  89  7:28  Extractor  
  87  7:31  Overlord  
  87  7:35  Drone  
  87  7:36  Drone x5  
  93  7:39  Zergling x4  
  95  7:46  Overlord  
  95  7:51  Baneling x5  
  93  7:52  Zergling x12, Queen  
  93  7:54  Baneling x4  
  99  7:59  Zergling x6  
  99  8:00  Baneling x3  
  99  8:03  Zergling x2  
  99  8:04  Zergling x2  
  99  8:05  Zergling x6  
  107  8:12  Zergling x4  
  101  8:16  Drone x3  
  101  8:17  Drone  
  101  8:18  Zergling x4  
  101  8:19  Zergling x4  
  108  8:24  Zergling x4  
  106  8:28  Zergling x4  
  106  8:31  Zerg Melee Weapons Level 2  
  104  8:36  Baneling  
  104  8:37  Baneling x3  
  104  8:40  Zergling x2  
  104  8:41  Zergling x12  
  111  8:42  Overseer  
  111  8:43  Baneling x3  
  111  8:49  Overlord  
  111  8:51  Baneling x3  
  111  8:55  Baneling  
  111  9:01  Zergling x14  
  108  9:02  Zergling x2  
  108  9:03  Zergling x4  
  108  9:06  Zergling x6  
  112  9:10  Zergling x2  
  112  9:11  Zergling x6, Overseer  
  112  9:13  Zergling x4  
  115  9:18  Zergling x2  
  114  9:25  Mutalisk x3  
  114  9:30  Overlord  
  114  9:31  Mutalisk x3  
  120  9:41  Baneling x5  
  120  9:42  Baneling  
  120  9:45  Overlord  
  120  9:46  Pneumatized Carapace  
  120  9:49  Extractor  
  120  9:50  Baneling x4  
  120  9:51  Baneling x2  
  120  9:52  Zergling x18  
  128  10:00  Baneling x2  
  128  10:01  Baneling  
  128  10:05  Mutalisk x3  
  125  10:07  Zergling x8  
  125  10:08  Zergling x6  
  125  10:12  Mutalisk  
  129  10:16  Zergling x2  
  129  10:17  Zergling x12, Baneling x2  
  129  10:18  Baneling  
  135  10:25  Mutalisk  
  135  10:28  Drone x3  
  136  10:29  Overlord  
  136  10:34  Overlord  
  136  10:41  Overlord  
  136  10:42  Overlord  
  136  10:48  Drone, Baneling x4  
  137  10:50  Mutalisk x3  
  137  10:53  Zergling x10  
  145  10:58  Hatchery, Baneling x7  
  145  11:01  Zergling x2  
  145  11:05  Mutalisk x2  
  145  11:06  Zergling x4  
  145  11:07  Zergling x4  
  145  11:10  Baneling x3  
  153  11:12  Zergling x2  
  153  11:13  Zergling x4  
  153  11:20  Overlord  
  153  11:24  Zergling x14  
  140  11:27  Zergling x2  
  140  11:30  Zergling x2  
  133  11:36  Zergling x10  
  133  11:38  Baneling x14  
  133  11:39  Queen  
  132  11:42  Zergling x4  
  132  11:43  Baneling x8  
  136  11:47  Zergling x4  
  136  11:48  Baneling x4  
  136  11:53  Baneling x5  
  138  11:54  Zergling x4  
  138  11:55  Zergling x2  
  138  12:01  Zergling x4  
  143  12:03  Zergling x2  
  143  12:06  Zergling x16  
  138  12:12  Mutalisk x3  
  138  12:15  Zergling x6  
  137  12:17  Zergling x2  
  127  12:23  Drone x4  
  127  12:24  Drone  
  127  12:27  Mutalisk  
  134  12:31  Drone x2  
  134  12:32  Drone  
  134  12:35  Baneling x7  
  137  12:37  Mutalisk x2  
  137  12:40  Zergling x2  
  142  12:50  Mutalisk x3  
  148  12:52  Drone x4  
  148  12:53  Drone  
  148  12:56  Zergling x4  
  155  12:58  Baneling x5  
  155  13:05  Overlord  
  155  13:07  Baneling x7  
  155  13:09  Drone x2  
  157  13:13  Baneling  
  157  13:14  Baneling x8  
  157  13:16  Zergling x2  
  157  13:17  Zergling x8  
  157  13:24  Zergling x16  
  146  13:32  Zergling x8  
  146  13:33  Zergling x8  
  150  13:38  Baneling x9  
  150  13:40  Zergling x4  
  150  13:41  Zergling x6  
  155  13:42  Overseer  
  155  13:44  Baneling x5  
  155  13:46  Drone x2  
  157  13:48  Zergling x4  
  156  13:56  Baneling x7  
  146  14:04  Zergling x2  
  146  14:05  Zergling x10  
  151  14:12  Baneling x9  
  151  14:13  Zergling x8  
  151  14:19  Hatchery  
  151  14:21  Zergling x18  
  149  14:28  Overlord  
  149  14:31  Zergling x2  
  137  14:36  Zergling x6  
  133  14:41  Mutalisk x3  
  133  14:43  Baneling  
  133  14:44  Zergling x4, Baneling x7  
  141  14:51  Baneling x3  
  141  14:57  Zergling x18  
  150  15:00  Overseer  
  150  15:03  Baneling x5  
  150  15:04  Baneling x10  
  150  15:05  Zergling x2  
  151  15:09  Baneling x3  
  149  15:21  Zergling x10  
  152  15:22  Overlord  
  152  15:24  Mutalisk x2  
  152  15:26  Overseer  
  152  15:32  Zergling x6  
  155  15:39  Zergling x8  
  155  15:41  Mutalisk  
  155  15:42  Mutalisk x3  
  166  15:48  Overlord  
  166  15:49  Baneling x4  
  165  15:50  Baneling x3  
  165  16:00  Baneling  
  165  16:01  Baneling x5  
  165  16:06  Hatchery  
  165  16:11  Baneling x5  
  164  16:14  Zergling x2  
  164  16:15  Zergling x20  
  171  16:19  Infestation Pit  
  165  16:25  Mutalisk  
  165  16:26  Mutalisk  
  165  16:29  Zergling x10  
  165  16:32  Overlord  
  168  16:57  Zergling x32  
  168  16:58  Hive  
  168  16:59  Zergling x2  
  182  17:05  Overlord  
  157  17:16  Zergling x24  
  157  17:21  Zergling x4  
  168  17:27  Baneling x4  
  168  17:28  Zergling x10, Baneling x2  
  168  17:32  Hatchery  
  164  17:40  Hatchery  
  162  17:45  Baneling x3  
  162  17:51  Mutalisk x3  
  168  18:02  Baneling x12  
  168  18:04  Zergling x6  
  171  18:19  Mutalisk x3  
  168  18:20  Mutalisk  
  168  18:24  Baneling  
  168  18:25  Baneling x3  
  169  18:30  Zergling x6  
  169  18:31  Zergling x12  
  165  18:47  Zergling x2  
  165  18:48  Zergling x18  
  173  18:51  Baneling x4  
  166  18:57  Baneling x5  
  163  19:03  Baneling x2  
  163  19:05  Baneling  
  163  19:06  Baneling x6  
  134  19:23  Zergling x18  
Show
View Real Time Build Order
Export as new Build Order

INnoVation Terran - Winner!

Build Orders: Hellion Opening, Reaper Expand 

Get SALT Encoding   

  12  0:00  SCV  
  13  0:13  SCV  
  14  0:17  Supply Depot  
  14  0:25  SCV  
  15  0:38  SCV  
  15  0:40  Barracks  
  16  0:44  Refinery  
  16  0:50  SCV  
  17  1:03  SCV  
  18  1:15  SCV  
  19  1:27  Reaper, Orbital Command  
  20  1:40  Command Center  
  20  1:51  Supply Depot  
  20  1:53  SCV  
  21  1:59  Marine  
  22  2:05  SCV  
  23  2:09  Factory  
  23  2:15  Refinery  
  23  2:17  SCV  
  23  2:21  Barracks Reactor  
  24  2:29  SCV  
  25  2:41  SCV  
  26  2:52  Orbital Command  
  26  2:53  SCV, Starport  
  27  3:00  Hellion x2  
  27  3:04  Barracks Tech Lab  
  32  3:05  SCV  
  32  3:18  SCV  
  32  3:19  SCV  
  34  3:21  Hellion x2  
  40  3:27  Marauder  
  40  3:28  Supply Depot  
  40  3:32  Viking  
  42  3:43  Hellion x2  
  45  3:50  Marauder  
  45  3:51  SCV x2  
  45  3:53  Supply Depot  
  49  3:57  Concussive Shells  
  49  4:02  Medivac  
  51  4:07  Armory  
  51  4:09  Hellion  
  53  4:14  Hellion, Marauder  
  57  4:18  Supply Depot  
  57  4:20  SCV  
  58  4:30  Hellion  
  60  4:34  SCV  
  60  4:35  SCV, Supply Depot  
  62  4:39  Liberator  
  62  4:40  Hellion  
  62  4:45  Supply Depot  
  67  4:49  SCV x2  
  69  5:01  SCV  
  69  5:02  SCV  
  69  5:03  Hellion x2  
  69  5:06  Marauder  
  77  5:14  SCV x2  
  75  5:20  Command Center  
  75  5:26  Hellion x2, Liberator  
  80  5:30  SCV x2  
  80  5:38  Stimpack  
  80  5:42  SCV x2  
  70  5:52  Barracks  
  70  5:53  Barracks  
  70  5:54  SCV x2  
  72  5:57  Refinery  
  72  5:58  Refinery  
  72  6:01  Factory Reactor  
  72  6:05  Engineering Bay x2, Marine  
  72  6:08  SCV x2, Hellion x2  
  73  6:11  Starport Reactor  
  73  6:20  SCV x2  
  73  6:22  Barracks  
  73  6:23  Marine  
  73  6:24  Barracks  
  76  6:31  Terran Infantry Weapons Level 1, Terran Infantry Armor Level 1  
  76  6:32  SCV x2, Orbital Command  
  78  6:42  Marine x3  
  78  6:44  SCV x2  
  78  6:46  Factory Reactor, Marine  
  78  6:47  Medivac, Marine  
  84  6:49  Medivac  
  84  6:53  Orbital Command  
  89  6:56  SCV x2  
  89  6:57  Supply Depot  
  91  7:01  Marine x2  
  91  7:03  Marine  
  91  7:04  Marine  
  95  7:08  SCV x2  
  95  7:12  Supply Depot  
  95  7:13  Barracks Reactor x2  
  95  7:14  Supply Depot  
  94  7:17  Combat Shield  
  94  7:18  Marine  
  94  7:19  Marine x2  
  94  7:20  SCV x2  
  94  7:21  Marine  
  100  7:25  Widow Mine x2  
  100  7:27  Medivac  
  106  7:31  Medivac  
  106  7:35  SCV x3  
  111  7:39  Supply Depot  
  111  7:40  Marine  
  111  7:41  Supply Depot, Marine x2  
  111  7:42  Marine  
  115  7:48  SCV  
  115  7:49  SCV x2  
  115  7:51  Widow Mine x2  
  122  7:55  Marine  
  122  7:56  Marine  
  124  8:00  Marine x4  
  124  8:01  Medivac x2  
  132  8:12  SCV x3, Marine  
  120  8:13  Marine x3  
  120  8:14  Marine  
  120  8:17  Widow Mine x2  
  129  8:20  Marine x4  
  130  8:27  Refinery  
  130  8:28  Refinery  
  130  8:30  Marine  
  130  8:31  Marauder  
  130  8:32  Marine x3  
  127  8:37  Marine, Terran Infantry Weapons Level 2  
  127  8:38  Marine x3  
  127  8:39  Terran Infantry Armor Level 2  
  131  8:45  Factory  
  131  8:46  Widow Mine  
  131  8:48  Marine, Widow Mine  
  135  8:52  Marine x2  
  138  9:02  Supply Depot  
  133  9:03  Supply Depot  
  133  9:09  Marine x6  
  131  9:17  Command Center  
  131  9:22  Widow Mine x2  
  135  9:25  Marine x3  
  135  9:26  Marine  
  135  9:27  Marine x5  
  135  9:29  Factory Tech Lab  
  134  9:31  SCV  
  134  9:32  SCV x2  
  137  9:40  Sensor Tower  
  137  9:44  Marauder, Widow Mine  
  137  9:45  Widow Mine  
  143  9:49  Drilling Claws  
  143  9:51  Widow Mine, Marine x6  
  151  9:58  Supply Depot x2  
  151  10:05  Marauder  
  140  10:12  Thor  
  140  10:13  Widow Mine x2  
  145  10:15  Marine x8  
  153  10:26  Medivac x2  
  153  10:27  Marauder  
  154  10:31  SCV  
  154  10:32  SCV x2  
  154  10:33  Marine x8  
  165  10:39  Supply Depot, Widow Mine x2  
  165  10:41  Supply Depot  
  167  10:48  Marauder  
  169  10:50  Marine  
  169  10:51  Planetary Fortress, Marine x7  
  169  10:53  Missile Turret  
  177  10:58  Thor  
  183  11:08  Marine  
  183  11:09  Marauder, Marine x7  
  191  11:23  Widow Mine x2  
  175  11:31  Marauder  
  151  11:34  Marine x8  
  151  11:37  Medivac x2  
  151  11:38  Terran Infantry Weapons Level 3  
  162  11:44  Terran Infantry Armor Level 3  
  162  11:52  Marauder, Marine x7  
  162  11:53  Thor  
  177  12:01  Marine  
  175  12:07  Widow Mine x2  
  164  12:11  Marine x5  
  164  12:14  Marauder  
  164  12:15  Medivac x2  
  162  12:19  Marine  
  145  12:25  Barracks  
  145  12:26  Missile Turret  
  145  12:27  Marine  
  145  12:28  Barracks  
  145  12:29  Marine x5, Barracks  
  146  12:32  Widow Mine x2  
  146  12:35  Marauder  
  152  12:37  Thor  
  159  12:45  Marine  
  159  12:48  Marine  
  159  12:50  Missile Turret  
  160  12:52  Medivac x2  
  160  12:55  Marine x5  
  160  12:56  Marauder  
  171  13:02  Marine  
  171  13:05  Sensor Tower  
  172  13:06  Widow Mine x2  
  172  13:08  Barracks Reactor  
  175  13:13  Marine x5  
  175  13:15  Barracks Tech Lab x3  
  175  13:18  Marauder  
  175  13:19  Command Center  
  151  13:31  Thor  
  151  13:32  Widow Mine x2  
  151  13:34  Marine x3  
  154  13:36  Marauder x2  
  154  13:39  Marauder  
  163  13:41  Marine  
  163  13:44  Marine  
  163  13:45  Marine x3  
  168  13:50  Medivac x2  
  168  13:53  Marine, Widow Mine  
  175  14:02  Marine x2  
  167  14:03  Marauder x3  
  167  14:05  Marine  
  167  14:08  Marine  
  167  14:09  Marine x4  
  162  14:11  Marine  
  161  14:20  Medivac x2, Marine x2  
  161  14:23  Marine x3  
  161  14:24  Marine  
  165  14:25  SCV x3  
  137  14:41  SCV x3  
  137  14:42  Thor  
  137  14:43  Widow Mine x2  
  133  14:53  SCV x2  
  133  14:54  Marauder x4  
  133  14:56  Marine x3  
  133  14:58  Marine  
  133  14:59  Marine x2  
  149  15:04  Widow Mine x2  
  153  15:07  Medivac x2  
  153  15:09  Missile Turret  
  153  15:10  Missile Turret  
  157  15:16  SCV x2  
  157  15:17  SCV, Sensor Tower  
  157  15:19  Marine  
  157  15:20  Marine  
  156  15:29  Thor  
  156  15:35  SCV x2  
  164  15:36  SCV  
  164  15:40  Marauder x2  
  164  15:41  Marine  
  170  15:46  Planetary Fortress  
  170  15:50  Widow Mine x2  
  170  15:53  Missile Turret  
  170  15:55  Marauder, Marine  
  177  15:59  Medivac  
  177  16:01  Medivac  
  179  16:07  Missile Turret x2  
  179  16:09  Missile Turret  
  176  16:12  Marauder x2  
  176  16:17  Widow Mine  
  182  16:25  Marauder x2, Marine x7  
  187  16:26  Marine  
  187  16:30  Widow Mine x2  
  192  16:33  Marauder, Marine  
  192  16:39  Widow Mine  
  196  16:42  Command Center, Marine  
  196  16:43  Marine x3  
  194  16:50  Medivac x2  
  198  16:58  Marauder  
  200  17:15  Thor  
  166  17:16  Widow Mine x2  
  166  17:19  Marauder x2, Marine x10  
  166  17:20  Medivac  
  181  17:24  Refinery x2  
  175  17:32  Refinery x2  
  173  17:37  Marine x10  
  173  17:40  Marine x2  
  173  17:42  Medivac  
  183  17:53  SCV x2  
  183  17:54  SCV  
  183  17:55  Marine x10  
  183  17:58  Marine x2  
  192  18:09  Planetary Fortress  
  192  18:12  Marine  
  190  18:13  Marine x3, Widow Mine x3  
  200  18:30  Marine x3  
  197  18:34  Missile Turret  
  197  18:35  Missile Turret  
  197  18:37  Missile Turret  
  197  18:38  Missile Turret  
  197  18:39  Thor  
  197  18:40  Widow Mine x2  
  197  18:41  Medivac, Marine  
  199  18:47  Marine  
  199  18:55  SCV  
  200  19:02  Widow Mine  
  200  19:03  Widow Mine  
  200  19:05  Marine  
  200  19:06  Marine  
  199  19:11  SCV x2  
  199  19:12  SCV x2  
  187  19:23  SCV x2, Widow Mine  
  187  19:24  SCV x2, Widow Mine  
  177  19:26  Marauder, Marine  
  177  19:27  Marauder x2, Marine x3  
  177  19:28  Marine x5  
  192  19:35  SCV x2  
  192  19:36  SCV  
  192  19:37  Missile Turret  
Tags
 
Add a new tag
Caveats
  • Supply blocks, unpowered buildings, or Contaminate may cause inaccurate times.
  • Supply counts are checked every 10 seconds.